 Dungeon Crawl Stone Soup version 0.31-a0-1227-g0136665373 (webtiles) character file.

Game seed: 17033006887219783034

75058 Lobster4 the Mimic (level 15, -9/120 HPs)
             Began as a Merfolk Shapeshifter on Dec 13, 2023.
             Was the Champion of Okawaru.
             Mangled by an orc knight
             ... wielding a +0 bardiche
              (23 damage)
             ... on level 2 of the Orcish Mines on Dec 14, 2023.
             The game lasted 02:23:44 (33191 turns).

Lobster4 the Mimic (Merfolk Shapeshifter)          Turns: 33191, Time: 02:23:45

Health: -9/120     AC: 19    Str: 24    XL:     15   Next: 48%
Magic:  0/33       EV: 18    Int: 18    God:    Okawaru [******]
Gold:   1673       SH:  0    Dex: 15    Spells: 11/26 levels left

rFire   + . .        a - +8 rapier "Xaqifot" {protect, *Slow rN++ Str+2}
rCold   + . .        (no shield)
rNeg    + + .        w - melded +2 robe {rN+}
rPois   .            Z - +2 hat of Doun {rCorr Str+4 Stlth+}
rElec   .            o - +1 cloak {rC+}
rCorr   +            m - +2 pair of gloves {Stlth+}
SInv    .            J - +0 pair of boots of the Good {Fly rF+ MP+9}
Will    +....        t - amulet of guardian spirit
Stlth   ++++         x - +6 ring of intelligence
HPRegen 0.40/turn    V - +4 ring of protection
MPRegen 0.23/turn

%: slow self (1%), guardian spirit
@: ice-armoured, maw-form, freezing walls, flying, slowed, very slow
A: devouring maw, (nimble swimmer 2), mertail
a: Begin Untransformation, Renounce Religion, Heroism, Finesse, Duel


You were on level 2 of the Orcish Mines.
You worshipped Okawaru.
Okawaru was exalted by your worship.
You were a creature with a mouth for a stomach.
You visited 3 branches of the dungeon, and saw 17 of its levels.
You also visited: Ice Cave.

You collected 1962 gold pieces.
You spent 289 gold pieces at shops.

Inventory:

Hand Weapons
 a - the +8 rapier "Xaqifot" (weapon) {protect, *Slow rN++ Str+2}
   (You found it on level 6 of the Dungeon)

   Str+2:     It affects your strength (+2).
   rN++:      It greatly protects you from negative energy.
   *Slow:     It may slow you when you take damage.
 b - a +4 sling
 c - a +3 halberd of freezing
 l - the +3 whip of Dishonesty {protect, rN+ Will+ Dex-3}
   (You found it on level 5 of the Dungeon)

   Dex-3:     It affects your dexterity (-3).
   rN+:       It protects you from negative energy.
   Will+:     It increases your willpower.
 P - the +4 spear of Impermanence {freeze, ^Fragile rElec Dex+5}
   (You found it on level 5 of the Lair of Beasts)

   Dex+5:     It affects your dexterity (+5).
   rElec:     It insulates you from electricity.
   ^Fragile:  It will be destroyed if unequipped.
Missiles
 h - 27 poisoned darts
 n - 4 javelins
 s - 24 boomerangs (quivered)
 T - 3 atropa-tipped darts
 U - a dart of dispersal
 W - 9 curare-tipped darts
 X - 6 silver javelins
Armour
 m - a +2 pair of gloves of stealth (worn)
 o - a +1 cloak of cold resistance (worn)
 u - the +3 ice dragon scales of the Kissing Gods {rElec rF- rC++ Slay+3}
   (You found it in an ice cave)

   Slay+3:    It affects your accuracy & damage with ranged weapons and melee
   (+3).
   rF-:       It makes you vulnerable to fire.
   rC++:      It greatly protects you from cold.
   rElec:     It insulates you from electricity.
 w - a +2 robe of positive energy (melded)
 J - the +0 pair of boots of the Good (worn) {Fly rF+ MP+9}
   (You found it on level 4 of the Dungeon)

   rF+:       It protects you from fire.
   MP+9:      It affects your magic capacity (+9).
   Fly:       It grants you flight.
 Z - the +2 hat of Doun (worn) {rCorr Str+4 Stlth+}
   (Okawaru gifted it to you on level 10 of the Dungeon)

   Str+4:     It affects your strength (+4).
   rCorr:     It protects you from acid and corrosion.
   Stlth+:    It makes you more stealthy.
Jewellery
 g - the ring of Xom, Dancing {Will+ Str+2}
   (You found it in an ice cave)

   [ring of willpower]

   Str+2:     It affects your strength (+2).
   Will+:     It increases your willpower.
 k - a ring of positive energy
 q - a ring of see invisible
 r - an amulet of reflection
 t - an amulet of guardian spirit (around neck)
 x - a +6 ring of intelligence (left hand)
 L - the amulet of the Imp {Acrobat rF+}
   (You found it in an ice cave)

   [amulet of the acrobat]

   Acrobat:   It increases your evasion while moving and waiting.
   rF+:       It protects you from fire.
 O - a ring of willpower
 R - the ring "Coxkocegh" {Str+2 SInv}
   (You found it in an ice cave)

   [ring of see invisible]

   Str+2:     It affects your strength (+2).
   SInv:      It lets you see invisible.
 V - a +4 ring of protection (right hand)
Talismans
 d - a beast talisman
 e - a flux talisman
 f - a maw talisman (active)
 Y - a blade talisman
Wands
 y - a wand of paralysis (7)
 A - a wand of light (8)
 N - a wand of mindburst (7)
 S - a wand of roots (5)
Scrolls
 E - 2 scrolls of teleportation
 H - a scroll of silence
 I - 4 scrolls of fog
 K - 2 scrolls of blinking
 M - a scroll of immolation
Potions
 i - 2 potions of haste
 j - a potion of cancellation
 p - a potion of magic
 v - 3 potions of attraction
 z - 4 potions of heal wounds
 B - a potion of invisibility
 C - 4 potions of brilliance
 D - 6 potions of lignification
 F - a potion of curing
 G - 2 potions of enlightenment
 Q - a potion of mutation


   Skills:
 + Level 11.6 Fighting
 + Level 4.6 Short Blades
 - Level 2.0 Maces & Flails
 + Level 9.4 Polearms
 - Level 1.0 Ranged Weapons
 - Level 7.0 Throwing
 - Level 2.0 Armour
 - Level 12.0 Dodging
 - Level 2.0 Stealth
 + Level 11.8 Unarmed Combat
 - Level 6.0 Spellcasting
 - Level 4.0 Conjurations
 - Level 3.0 Hexes
 - Level 5.0 Transmutations
 - Level 7.0 Ice Magic
 - Level 3.0 Air Magic
 - Level 4.0 Earth Magic
 - Level 3.0 Poison Magic
 - Level 5.0 Invocations
 - Level 3.0 Evocations
 + Level 12.9 Shapeshifting


You had 11 spell levels left.
You knew the following spells:

 Your Spells              Type           Power      Damage    Failure   Level
a - Ozocubu's Armour      Ice            30%        N/A       1%          3
b - Frozen Ramparts       Ice            60%        1d10      1%          3
c - Poisonous Vapours     Pois/Air       32%        N/A       5%          2
d - Wereblood             Tmut           23%        N/A       2%          2
e - Stone Arrow           Conj/Erth      38%        3d9       7%          3
f - Ensorcelled Hibernat  Hex/Ice        46%        N/A       2%          2

Your spell library contained the following spells:

 Spells                   Type           Power      Damage    Failure   Level
 Sandblast                Erth           38%        2d10      2%          1
 Passwall                 Tmut/Erth      17%        N/A       2%          2
 Jinxbite                 Hex            32%        N/A       5%          2
 Cigotuvi's Dreadful Rot  Necr/Pois/Air  24%        N/A       8%          2
 Mephitic Cloud           Conj/Pois/Air  17%        N/A       10%         3
 Apportation              Tloc           10%        N/A       12%         1
 Petrify                  Tmut/Erth      21%        N/A       19%         4
 Brom's Barrelling Bould  Conj/Erth      19%        2d4       22%         4
 Metabolic Englaciation   Hex/Ice        11%        N/A       38%         5
 Freezing Cloud           Conj/Ice/Air   11%        6-21      45%         5
 Irradiate                Conj/Tmut      10%        3d15      45%         5
 Anguish                  Hex/Necr       5%         N/A       54%         4
 Vhi's Electric Charge    Tloc/Air       20%        N/A       54%         4
 Alistair's Intoxication  Tmut/Pois      12%        N/A       54%         5
 Iskenderun's Battlesphe  Conj           19%        2d7       54%         5
 Yara's Violent Unravell  Hex/Tmut       9%         3d6       54%         5
 Arcjolt                  Conj/Air       9%         1d19      61%         5
 Dispel Undead            Necr           5%         3d7       75%         4
 Passage of Golubria      Tloc           5%         N/A       75%         4
 Bombard                  Conj/Erth      9%         9d2       98%         6
 Ozocubu's Refrigeration  Ice            15%        4d10      99%         7
 Lehudib's Crystal Spear  Conj/Erth      9%         10d4      100%        8
 Maxwell's Capacitive Co  Air            8%         ∞         100%        8
 Tukima's Dance           Hex            Unusable   N/A       N/A         3
 Summon Small Mammal      Summ           Unusable   N/A       N/A         1
 Summon Guardian Golem    Hex/Summ       Unusable   N/A       N/A         3
 Call Canine Familiar     Summ           Unusable   N/A       N/A         3
 Animate Armour           Summ/Erth      Unusable   N/A       N/A         4
 Death Channel            Necr           Unusable   N/A       N/A         6
 Spellforged Servitor     Conj/Summ      Unusable   N/A       N/A         7

Dungeon Overview and Level Annotations

Branches:
Dungeon (10/15)            Temple (0/1) D:5            Lair (5/5) D:10
  Swamp (0/4) Lair:2        Snake (0/4) Lair:3        Slime (0/5) Lair:4
    Orc (2/2) D:10            Elf (0/3) Orc:2         IceCv (visited)

Altars:
Cheibriados
Fedhas
Hepliaklqana
Makhleb
Okawaru
Trog
Uskayaw
Vehumet
Xom
Yredelemnul
Jiyva

Shops:
D:4 (   D:9 !   Orc:1 *

Annotations:
D:9 1 runed translucent door, kd29's ghost, novice TrSh
Lair:3 1 runed translucent door, Biped's ghost, journeyman KoFi


Innate Abilities, Weirdness & Mutations

You are a creature with a mouth for a stomach.
Your midsection houses a second, enormous mouth.
((You are very nimble when in or above water. (Stealth+, EV+, Speed+++)))
Your lower body shifts to a powerful aquatic tail in water.


Message History

Press: ? - help, Dir - look around, f - activate The walls around you are covered in ice.
The wall freezes the two-headed ogre.
The wall freezes the orc knight but does no damage.
The orc knight hits you with a +0 bardiche!!
Casting: Frozen Ramparts (safe; 1% risk of failure)
Confirm with . or Enter, or press ? or * to list all spells.
A film of ice covers your body!
An orc knight comes into view. It is wielding a +0 bardiche.
The wall freezes the orc knight.
The orc knight misses you.
Unknown command.
You hit the two-headed ogre.
Your weapon exudes an aura of protection.
You bite the two-headed ogre!
The two-headed ogre is moderately wounded.
The wall freezes the two-headed ogre.
The two-headed ogre closely misses you. x2
The wall freezes the orc knight but does no damage.
The orc knight hits you with a +0 bardiche.
You feel yourself slow down.
You barely miss the two-headed ogre. You bite the two-headed ogre!!
The two-headed ogre is almost dead.
The wall freezes the orc knight.
The orc knight roars a battlecry!
The orc knight goes into a battle-frenzy!
The wall freezes the orc knight but does no damage.
The orc knight hits you with a +0 bardiche!!
The wall freezes the two-headed ogre.
The two-headed ogre hits you with a +0 giant club!
The two-headed ogre hits you with a +0 giant spiked club!
You barely miss the two-headed ogre. You bite the two-headed ogre!
You kill the two-headed ogre!
Okawaru accepts your kill.
The wall freezes the orc knight.
The orc knight hits you but does no damage.
The wall freezes the orc knight.
The orc knight hits you with a +0 bardiche!!!
* * * LOW HITPOINT WARNING * * *
The wall freezes the orc knight!
The orc knight hits you from afar with a +0 bardiche!!
You die...

#.... #.... ## #.... ##.
#.... #.. ##.... ##.÷ #.....
#..o ####..... #..o##
###........ #..)W###
#..)).....#
##..)).#####.).#...## ###
##........)..))).### ####.##
###.............##≈≈
##.#...###.###.......)...##§§
#.....###....##).....)...#≈≈§
##.....#.#.#.............###≈
###................).....###
##...#...................##


You could see 2 orc knights.

Vanquished Creatures
  2 azure jellies (IceCv)
  Nessos (Orc:2)
  Josephine (Orc:2)
  An entropy weaver (D:5)
  4 hydras
  An ogre mage (Orc:1)
  2 catoblepae
  6 two-headed ogres
  9 death yaks
  2 boulder beetles
  2 orc high priests (Orc:2)
  Sonja (Lair:5)
  Nergalle (D:10)
  A lindwurm (Lair:5)
  An ugly thing (D:10)
  An orc knight (Orc:2)
  A deep elf pyromancer (D:8)
  A wolf spider (Lair:5)
  Maurice (Orc:2)
  An orc sorcerer (Orc:2)
  2 oklob plants
  A cyclops (Orc:1)
  5 elephants (Lair:5)
  4 kobold blastminers
  10 black mambas
  2 gargoyles
  21 cane toads
  2 torpor snails
  A guardian serpent (Lair:5)
  The ghost of Tollund the Caller, a novice MfSu (D:4)
  6 komodo dragons
  3 rime drakes
  5 trolls
  The ghost of barkas the Insei, an amateur DgSh (D:4)
  2 polar bears
  4 hornets
  Prince Ribbit (D:8)
  18 blink frogs (Lair:5)
  5 dream sheep (Lair:1)
  26 slime creatures (IceCv)
  Sigmund (D:2)
  12 wyverns
  A fire elemental (Orc:2)
  58 yaks
  Eustachio (D:6)
  4 wraiths
  2 basilisks
  A steam dragon (D:8)
  4 vampire mosquitoes (Lair:2)
  2 redbacks (Lair:5)
  A warg (Orc:2)
  2 nagas (Lair:3)
  28 water moccasins
  An acid dragon (D:9)
  The ghost of SecretSquirrel the Grave Robber, an amateur VSNe (D:4)
  2 great orb of eyes simulacra (IceCv)
  7 orc warriors
  5 ice beasts
  2 sky beasts
  3 black bears
  5 ogres
  11 wolves
  A centaur (D:8)
  A phantom (D:5)
  The ghost of pigah the Insei, an amateur OpSh (D:4)
  5 slime creature simulacra (IceCv)
  5 kobold brigands
  14 bullfrogs
  2 scorpions (D:4)
  5 glowing shapeshifter simulacra (IceCv)
  A gnoll sergeant (D:5)
  18 wights
  3 killer bees (D:7)
  The ghost of jlumianski the Insei, a weakling GnSh (D:4)
  An electric eel (Lair:2)
  3 howler monkeys
  5 jellies
  10 orc priests
  2 gnoll boudas
  8 hounds
  Crazy Yiuf (D:3)
  8 iguanas
  Terence (D:3)
  A sleepcap (D:5)
  Jessica (D:2)
  18 orc wizards
  7 hell rats (Lair:3)
  3 shapeshifter simulacra (IceCv)
  11 gnolls
  3 adders
  A river rat (D:3)
  A shadow imp (D:6)
  14 white imps
  4 ufetubi
  3 worms
  A dart slug (D:8)
  71 orcs
  9 endoplasms
  3 giant cockroaches (D:1)
  6 goblins
  11 hobgoblins
  10 jackals
  36 kobolds
  7 quokkas
  8 ball pythons
  2 bats (D:3)
  A frilled lizard (D:2)
  8 rats
  2 butterflies
652 creatures vanquished.

Vanquished Creatures (others)
  An orc priest (Orc:2)
  An orc wizard (D:10)
2 creatures vanquished.

Grand Total: 654 creatures vanquished

Notes
Turn   | Place    | Note
-------+----------+-------------------------------------------
     0 | D:1      | Lobster4 the Merfolk Shapeshifter began the quest for the
                  | Orb.
     0 | D:1      | Reached XP level 1. HP: 15/15 MP: 1/1
    88 | D:1      | Reached XP level 2. HP: 17/21 MP: 2/2
   204 | D:1      | Reached skill level 1 in Short Blades
   464 | D:1      | Reached XP level 3. HP: 26/26 MP: 3/3
   525 | D:1      | Reached skill level 1 in Stealth
   790 | D:2      | Reached skill level 1 in Polearms
   793 | D:2      | Noticed Sigmund
  1113 | D:2      | Noticed Jessica
  1210 | D:2      | Killed Jessica
  1211 | D:2      | Reached XP level 4. HP: 18/33 MP: 4/4
  1737 | D:3      | Reached XP level 5. HP: 32/38 MP: 5/5
  1741 | D:3      | Learned a level 3 spell: Ozocubu's Armour
  1832 | D:3      | Found an iron altar of Okawaru.
  1841 | D:3      | Became a worshipper of Warmaster Okawaru
  2124 | D:3      | Identified the +1 robe of the Dozen Runes {+Inv rPois Str-3
                  | Int+4}
  2168 | D:3      | Noticed Terence
  2172 | D:3      | Killed Terence
  2371 | D:2      | Killed Sigmund
  2372 | D:2      | Reached skill level 1 in Spellcasting
  2372 | D:2      | Reached skill level 1 in Ice Magic
  2372 | D:2      | Reached skill level 1 in Invocations
  2372 | D:2      | Reached skill level 1 in Evocations
  2372 | D:2      | Reached skill level 5 in Shapeshifting
  2372 | D:2      | Reached XP level 6. HP: 44/46 MP: 5/7
  2441 | D:2      | Reached * piety under Okawaru
  2794 | D:3      | Found a runed translucent door.
  2795 | D:3      | Noticed Crazy Yiuf
  2953 | D:3      | Reached XP level 7. HP: 46/51 MP: 6/8
  3050 | D:3      | Killed Crazy Yiuf
  3290 | D:4      | an iguana changed into a blink frog
  3290 | D:4      | Noticed a blink frog
  3384 | D:4      | Identified the +0 pair of boots of the Good {Fly rF+ MP+9}
  3493 | D:4      | Found a runed translucent gate.
  3493 | D:4      | Found a runed translucent gate.
  3493 | D:4      | Found a runed translucent gate.
  3495 | D:4      | Noticed barkas's ghost (amateur DgSh)
  3496 | D:4      | Noticed Tollund's ghost (novice MfSu)
  3496 | D:4      | Noticed pigah's ghost (amateur OpSh)
  3496 | D:4      | Noticed jlumianski's ghost (weakling GnSh)
  3496 | D:4      | Noticed SecretSquirrel's ghost (amateur VSNe)
  3540 | D:4      | Found Niseitzo's Antique Weapon Shoppe.
  3606 | D:4      | Bought a glowing sling for 94 gold pieces
  3861 | D:4      | Learned a level 2 spell: Wereblood
  3875 | D:4      | Noticed a yak
  3889 | D:3      | Reached skill level 1 in Throwing
  3904 | D:4      | a blink frog changed into a river rat
  4096 | D:3      | Killed a yak
  4096 | D:3      | Reached ** piety under Okawaru
  4097 | D:3      | Reached skill level 1 in Transmutations
  4165 | D:4      | Reached XP level 8. HP: 58/58 MP: 10/10
  4229 | D:4      | Reached skill level 1 in Ranged Weapons
  4422 | D:4      | Reached skill level 1 in Armour
  4443 | D:4      | Found a blossoming altar of Fedhas.
  4842 | D:5      | Entered Level 5 of the Dungeon
  4944 | D:5      | Reached skill level 5 in Dodging
  5093 | D:5      | Found a staircase to the Ecumenical Temple.
  5135 | D:5      | Identified the +3 whip of Dishonesty {protect, rN+ Will+
                  | Dex-3}
  5239 | D:5      | Reached skill level 5 in Unarmed Combat
  5356 | D:5      | Reached *** piety under Okawaru
  5562 | D:5      | Reached XP level 9. HP: 55/65 MP: 12/12
  5743 | D:5      | Found a shimmering altar of Xom.
  5743 | D:5      | Found a basalt altar of Yredelemnul.
  6316 | D:6      | Reached skill level 1 in Maces & Flails
  7224 | D:6      | Learned a level 2 spell: Poisonous Vapours
  7248 | D:6      | Reached **** piety under Okawaru
  7473 | D:6      | Noticed Eustachio
  7706 | D:6      | Reached skill level 5 in Fighting
  7891 | D:6      | Noticed Maggie
  7941 | D:7      | Reached skill level 1 in Poison Magic
  7988 | D:7      | Found a radiant altar of Vehumet.
  8072 | D:7      | Found a hide-covered altar of Uskayaw.
  8079 | D:7      | Found a hazy altar of Hepliaklqana.
  8150 | D:7      | Reached XP level 10. HP: 60/74 MP: 14/14
  8208 | D:7      | Reached skill level 1 in Air Magic
  9165 | D:8      | Found a snail-covered altar of Cheibriados.
  9259 | D:8      | Noticed Prince Ribbit
  9354 | D:8      | Reached ***** piety under Okawaru
  9561 | D:8      | Learned a level 3 spell: Frozen Ramparts
  9801 | D:8      | Noticed a gargoyle
  9855 | D:8      | Killed Prince Ribbit
  9951 | D:8      | Noticed a deep elf pyromancer
  9952 | D:8      | Found a faded altar of an unknown god.
  9952 | D:8      | Found the Hermit's Pendant {Faith Invo=14 Evo=0 MP+5}
  9965 | D:8      | Killed a deep elf pyromancer
 11004 | D:9      | Found a runed translucent door.
 11004 | D:9      | Noticed kd29's ghost (novice TrSh)
 11027 | D:9      | Found Ziufuus's Distillery.
 11035 | D:9      | Bought 2 potions of heal wounds for 150 gold pieces
 11035 | D:9      | Bought a potion of attraction for 45 gold pieces
 11285 | D:9      | Reached XP level 11. HP: 37/81 MP: 7/17
 11914 | D:10     | Entered Level 10 of the Dungeon
 11936 | D:10     | Reached skill level 5 in Ice Magic
 12177 | D:10     | Reached skill level 5 in Throwing
 12322 | D:10     | Noticed a death yak
 12375 | D:10     | Killed a death yak
 12375 | D:10     | Reached ****** piety under Okawaru
 12376 | D:10     | Reached skill level 5 in Polearms
 12557 | D:10     | Acquired a +4 short sword of venom
 12557 | D:10     | Received a gift from Okawaru
 12655 | D:10     | Noticed a death yak
 12669 | D:10     | Noticed a death yak
 12975 | D:6      | Maggie changed into Maggie the entropy weaver
 12975 | D:6      | Noticed Maggie
 13466 | D:6      | Identified the +8 rapier "Xaqifot" {protect, *Slow rN++
                  | Str+2}
 13764 | D:6      | Killed Eustachio
 14464 | D:9      | Killed a death yak
 14810 | D:10     | Noticed a two-headed ogre
 14818 | D:10     | Noticed Nergalle
 14819 | D:10     | Killed a two-headed ogre
 14883 | D:10     | Noticed a red ugly thing
 14954 | D:10     | Found a staircase to the Lair.
 14972 | D:10     | Received a gift from Okawaru
 15400 | D:9      | Killed a death yak
 15922 | D:9      | Found Ziufuus's Distillery.
 16217 | D:10     | Killed Nergalle
 16315 | D:10     | Found a burning altar of Makhleb.
 16344 | D:10     | Killed a red ugly thing
 16486 | D:10     | Reached XP level 12. HP: 91/91 MP: 11/18
 16827 | D:10     | Received a gift from Okawaru
 16835 | D:10     | Found a staircase to the Orcish Mines.
 17262 | D:10     | Acquired the +2 hat of Doun {rCorr Str+4 Stlth+}
 17262 | D:10     | Received a gift from Okawaru
 17567 | D:5      | Killed Maggie the entropy weaver
 17772 | D:4      | Killed Tollund's ghost
 17780 | D:4      | Killed barkas's ghost
 17786 | D:4      | Killed SecretSquirrel's ghost
 17788 | D:4      | Killed pigah's ghost
 17795 | D:4      | Killed jlumianski's ghost
 18170 | Orc:1    | Entered Level 1 of the Orcish Mines
 18170 | Orc:1    | Found Nedd's General Store.
 18449 | Orc:1    | Noticed a two-headed ogre
 18449 | Orc:1    | Noticed a two-headed ogre
 18503 | Lair:1   | Entered Level 1 of the Lair of Beasts
 18682 | Lair:1   | Reached skill level 10 in Dodging
 18733 | Lair:1   | Received a gift from Okawaru
 19061 | Lair:1   | Noticed a death yak
 19084 | Lair:1   | Noticed a death yak
 19099 | Lair:1   | Killed a death yak
 19100 | Lair:1   | Killed a death yak
 19101 | Lair:1   | Reached skill level 10 in Shapeshifting
 19490 | Lair:1   | Received a gift from Okawaru
 19535 | Lair:1   | Learned a level 3 spell: Stone Arrow
 20308 | Lair:2   | Reached XP level 13. HP: 101/101 MP: 20/20
 20357 | Lair:2   | Reached skill level 1 in Conjurations
 20360 | Lair:2   | Reached skill level 1 in Earth Magic
 20762 | Lair:2   | Upgraded the game from 0.31-a0-1206-g41278d8d1d to
                  | 0.31-a0-1227-g0136665373
 20851 | Lair:2   | Reached skill level 5 in Spellcasting
 21113 | Lair:2   | Received a gift from Okawaru
 21894 | Lair:2   | Found a staircase to the Swamp.
 22243 | Lair:3   | Found a runed translucent door.
 22351 | Lair:3   | Found a staircase to the Snake Pit.
 23180 | Lair:3   | Noticed Biped's ghost (journeyman KoFi)
 23185 | Lair:3   | Identified the +6 trident "Mizicin" {elec, rC+}
 23210 | Lair:3   | Reached skill level 10 in Unarmed Combat
 23336 | Lair:3   | Received a gift from Okawaru
 23749 | Lair:4   | Reached skill level 10 in Fighting
 24218 | Lair:4   | Found a viscous altar of Jiyva.
 24220 | Lair:4   | Found a staircase to the Slime Pits.
 24233 | Lair:4   | Received a gift from Okawaru
 24409 | Lair:4   | You are sucked into a shaft and drop 1 floor!
 24409 | Lair:5   | Entered Level 5 of the Lair of Beasts
 24468 | Lair:5   | Reached XP level 14. HP: 110/110 MP: 19/23
 24580 | Lair:5   | Found a frozen archway.
 24702 | IceCv    | Entered an ice cave
 25321 | IceCv    | Identified the amulet of the Imp {Acrobat rF+}
 26073 | IceCv    | Found a viscous altar of Jiyva.
 26073 | IceCv    | Noticed an azure jelly
 26073 | IceCv    | Noticed an azure jelly
 26096 | IceCv    | Killed an azure jelly
 26112 | IceCv    | Killed an azure jelly
 26127 | IceCv    | Identified the +3 ice dragon scales of the Kissing Gods
                  | {rElec rF- rC++ Slay+3}
 26130 | IceCv    | Identified the ring "Coxkocegh" {Str+2 SInv}
 26132 | IceCv    | Identified the ring of Xom, Dancing {Will+ Str+2}
 27123 | Lair:5   | Learned a level 2 spell: Ensorcelled Hibernation
 27944 | Lair:5   | Noticed Sonja
 28172 | Lair:5   | Received a gift from Okawaru
 28173 | Lair:5   | Reached skill level 1 in Hexes
 28619 | Lair:5   | Reached skill level 5 in Invocations
 28820 | Lair:5   | Reached skill level 5 in Transmutations
 28839 | Lair:5   | Killed Sonja
 28853 | Lair:5   | Received a gift from Okawaru
 29406 | Lair:5   | Reached XP level 15. HP: 83/118 MP: 16/24
 29606 | Lair:5   | Identified the +4 spear of Impermanence {freeze, ^Fragile
                  | rElec Dex+5}
 30772 | Lair:2   | Received a gift from Okawaru
 31262 | Orc:2    | Entered Level 2 of the Orcish Mines
 31314 | Orc:2    | Found a staircase to the Elven Halls.
 31755 | Orc:2    | Noticed Josephine
 31768 | Orc:2    | Killed Josephine
 32011 | Orc:2    | Noticed Nessos
 32469 | Orc:2    | Found a bloodstained altar of Trog.
 32718 | Orc:2    | Killed Nessos
 32868 | Orc:2    | Noticed Maurice
 32887 | Orc:2    | Killed Maurice
 32964 | Orc:2    | Received a gift from Okawaru
 33191 | Orc:2    | Mangled by an orc knight

Illustrated notes

Levels and vault maps discovered:
D:1:      tarquinn_simple_flora_water_d, layout_loops_cross
D:2:      layout_rooms, kennysheep_nub, uniq_sigmund, uniq_jessica
D:3:      layout_rooms, old_standard_altar, minmay_misc_feat_x,
          hangedman_decor_slide_cut, hangedman_decor_opposing,
          minmay_misc_feat_room, uniq_crazy_yiuf_cottage, uniq_terence
D:4:      layout_basic, fedhas_altar_fruit_tree, gammafunk_ghost_cemetery,
          serial_shops, nicolae_inconvenience_store, grunt_ministairs_14,
          eino_tiny_chamber, minmay_divided_ellipse
D:5:      layout_loops_ring, gammafunk_temple_overflow_pools,
          minmay_temple_entry_stoned_glass, serial_bayou_pond_e,
          hangedman_abyss_or_decor_stabs
D:6:      layout_basic, minmay_fractal_squares_gapless_5, uniq_eustachio,
          uniq_maggie
D:7:      corexii_shack_village, layout_rooms, nicolae_overflow_hidden_temple,
          kennysheep_generic_room_15
D:8:      layout_basic, kennysheep_slug_shrine, hellmonk_guarded_unrand_hermit,
          uniq_prince_ribbit1
D:9:      layout_loops_ring, gammafunk_ghost_grave, serial_shops, shop,
          hangedman_glass_garden
D:10:     layout_long_grid, mainiacjoe_overflow_paths, dpeg_lair_monsters,
          hiddenorc2_lemuel, uniq_nergalle
Lair:1:   layout_gridlike, grunt_megastairs_5
Lair:2:   layout_chaotic_city, minmay_swamp_entry_swarm,
          infiniplex_staircase_pool
Lair:3:   layout_big_grid, guppyfry_snake_entry_island,
          ebering_ghost_funeral_grove, lemuel_fruit_fields, grunt_megastairs_4,
          infiniplex_staircase_pool_2
Lair:4:   layout_cave_shapes, minmay_slime_entry_oklob_enclosed
Lair:5:   hangedman_lair_tendril_chambers, layout_cave_pods,
          portal_ice_cave_entry_imps, uniq_sonja
Orc:1:    layout_caves, serial_shops, shop
Orc:2:    grunt_orc_tribal_feast, layout_diamond_mine, basic_altar,
          nicolae_orc_lava_tube, uniq_josephine, uniq_maurice, uniq_nessos

Skill      XL: |  1  2  3  4  5  6  7  8  9 10 11 12 13 14 15 |
---------------+----------------------------------------------+-----
Short Blades   | 1 2 4 |  4.6
Dodging        | 3 4 5 6 7 9 10 11 12 | 12.0
Stealth        | 1 2 |  2.0
Polearms       | 1 2 4 6 7 8 9 |  9.4
Fighting       | 2 3 4 5 6 7 9 10 11 | 11.6
Unarmed Combat | 4 5 6 8 9 10 11 | 11.8
Spellcasting   | 1 2 3 4 6 |  6.0
Ice Magic      | 1 2 3 4 5 6 7 |  7.0
Invocations    | 1 2 3 5 |  5.0
Evocations     | 1 2 3 |  3.0
Shapeshifting  | 5 6 7 8 10 11 12 | 12.9
Throwing       | 1 2 3 4 5 6 7 |  7.0
Transmutations | 1 2 3 5 |  5.0
Ranged Weapons | 1 |  1.0
Armour         | 1 2 |  2.0
Maces & Flails | 2 |  2.0
Poison Magic   | 1 3 |  3.0
Air Magic      | 2 3 |  3.0
Conjurations   | 3 4 |  4.0
Earth Magic    | 3 4 |  4.0
Hexes          | 2 3 |  3.0

Action                     |  1- 3 |  4- 6 |  7- 9 | 10-12 | 13-15 || total
---------------------------+-------+-------+-------+-------+-------++-------
  Melee: Dagger            |    79 |   147 |   181 |       |       ||   407
         Unarmed           |     3 |       |       |   253 |  1065 ||  1321
         Punch             |     2 |     3 |    21 |    23 |     4 ||    53
         Whip              |       |       |   460 |   470 |       ||   930
         Rapier            |       |       |       |   127 |    60 ||   187
         Trident           |       |       |       |     4 |       ||     4
         Maw               |       |       |       |       |    25 ||    25
   Fire: Sling             |       |       |   182 |    94 |       ||   276
  Throw: Stone             |       |     8 |       |       |       ||     8
         Boomerang         |       |     2 |     7 |    54 |    23 ||    86
         Dart              |       |       |       |    61 |     1 ||    62
         Throwing net      |       |       |       |     1 |       ||     1
   Cast: Ozocubu's Armour  |       |       |    14 |    55 |    89 ||   158
         Frozen Ramparts   |       |       |       |    65 |    96 ||   161
         Wereblood         |       |       |       |     1 |    23 ||    24
         Poisonous Vapours |       |       |       |    10 |   175 ||   185
         Stone Arrow       |       |       |       |       |    32 ||    32
         Ensorcelled Hiber |       |       |       |       |     2 ||     2
 Invoke: Receive Weapon    |       |       |       |     1 |       ||     1
         Receive Armour    |       |       |       |     1 |       ||     1
  Evoke: Wand              |       |     9 |    10 |    24 |    13 ||    56
    Use: Scroll            |     5 |     2 |    12 |    10 |    12 ||    41
         Potion            |       |     1 |     1 |     4 |     5 ||    11
   Stab: Sleeping          |     2 |     1 |     2 |     5 |     3 ||    13
         Held in net/web   |       |       |       |     1 |       ||     1
 Armour: Animal skin       |    28 |    37 |       |       |       ||    65
         Skin              |       |    16 |       |   197 |   514 ||   727
         Robe              |       |    13 |   411 |   450 |       ||   874
  Dodge: Dodged            |    50 |    57 |   462 |   721 |  1061 ||  2351
   Form: Beast             |     2 |       |       |     1 |       ||     3
                           |     1 |     1 |       |     1 |       ||     3
         Flux              |       |       |       |     1 |       ||     1
         Maw               |       |       |       |       |     1 ||     1

Table legend: (Time is in decaauts)
 A = Elapsed time spent in this place.
 B = Non-inter-level travel time spent in this place.
 C = Inter-level travel time spent in this place.
 D = Time resting spent in this place.
 E = Time spent auto-exploring this place.
 F = Levels seen in this place.
 G = Mean time per level.
                   A        B        C        D        E       F      G
               +--------+--------+--------+--------+--------+-----+--------+
         Total |  32990 |  30791 |   2199 |   7438 |  14701 |  18 | 1832.8 |
       Dungeon |  18695 |  16886 |   1809 |   3793 |   8513 |  10 | 1869.5 |
          Lair |   9835 |   9502 |    333 |   1637 |   5488 |   5 | 1967.0 |
  Orcish Mines |   2162 |   2106 |     56 |    746 |    660 |   2 | 1081.0 |
      Ice Cave |   2297 |   2297 |      0 |   1261 |     40 |   1 | 2297.0 |
               +--------+--------+--------+--------+--------+-----+--------+

Top non-repeatable levels by time:
     D:9: 3033 daAuts
  Lair:5: 3009 daAuts
    D:10: 2810 daAuts
     D:6: 2312 daAuts
   IceCv: 2297 daAuts
     D:4: 2117 daAuts
  Lair:2: 2000 daAuts
     D:8: 1937 daAuts
     D:5: 1929 daAuts
  Lair:1: 1801 daAuts
  Lair:4: 1694 daAuts
   Orc:2: 1506 daAuts
  Lair:3: 1329 daAuts
     D:7: 1287 daAuts
     D:3: 1247 daAuts
